 Dungeon Crawl Stone Soup version 0.31-a0-620-gd1cbd99268 (webtiles) character file.

Game seed: 3181802919352340363

54443 Dirtsage the Demon Slayer (level 14, 0/118 HPs)
             Began as an Octopode Shapeshifter on Aug 22, 2023.
             Was a High Priest of the Shining One.
             Killed from afar by a raiju (13 damage)
             ... with a living lightning
             ... on level 5 of the Lair of Beasts on Aug 23, 2023.
             The game lasted 00:44:33 (17741 turns).

Dirtsage the Demon Slayer (Octopode Shapeshifter)  Turns: 17741, Time: 00:44:34

Health: 0/118      AC: 15    Str: 21    XL:     14   Next: 72%
Magic:  24/24      EV: 15    Int: 25    God:    the Shining One [*****.]
Gold:   2321       SH:  0    Dex: 13    Spells: 9/13 levels left

rFire   . .          .
                       - Unarmed
rCold   . . .        n - melded +0 buckler
rNeg    + + .        (helmet currently unavailable)
rPois   .            r - amulet of the acrobat
rElec   .            h - ring of willpower
rCorr   .            q - +5 ring of evasion
SInv    .            w - +6 ring of intelligence
Will    ++...        y - +4 ring of slaying
Stlth   +            C - +4 ring of protection
HPRegen 0.39/turn    W - ring of wizardry
MPRegen 0.19/turn    S - +6 ring of intelligence
                     (no ring)

%: acrobat, wizardry (x1)
@: about to teleport, snake-form, glowing
A: constrict, boosted hp, almost no armour, amphibious, 8 rings, large,
(camouflage 1), (gelatinous body 1), (nimble swimmer 1), (tentacles)
a: Begin Untransformation, Renounce Religion, Divine Shield, Cleansing Flame,
Summon Divine Warrior


You were on level 5 of the Lair of Beasts.
You worshipped the Shining One.
The Shining One was extremely pleased with you.
You were an enormous anaconda.
You visited 3 branches of the dungeon, and saw 16 of its levels.
You also visited: Bailey.

You collected 2321 gold pieces.

Inventory:

Missiles
 L - 2 throwing nets
 T - 11 curare-tipped darts
Armour
 n - a +0 buckler (melded)
 N - a +1 buckler of reflection
Magical Staves
 b - a staff of fire
 p - a staff of cold
Jewellery
 h - a ring of willpower (left tentacle)
 q - a +5 ring of evasion (right tentacle)
 r - an amulet of the acrobat (around neck)
 w - a +6 ring of intelligence (on tentacle)
 y - a +4 ring of slaying (on tentacle)
 C - a +4 ring of protection (on tentacle)
 S - a +6 ring of intelligence (on tentacle)
 W - a ring of wizardry (on tentacle)
 X - an amulet of guardian spirit
Talismans
 K - a serpent talisman (active)
 U - a maw talisman
Wands
 l - a wand of flame (28)
 D - a wand of digging (13)
 I - a wand of polymorph (5)
 O - a wand of mindburst (4)
 R - a wand of charming (18)
 V - a wand of roots (15)
Scrolls
 c - a scroll of torment {unknown}
 d - a scroll of vulnerability {unknown}
 g - 4 scrolls of fear
 i - a scroll of identify
 j - 2 scrolls of poison
 t - a scroll of teleportation
 u - 4 scrolls of amnesia
 z - a scroll of enchant armour
 B - a scroll of blinking
 H - 3 scrolls of fog
 J - 2 scrolls of noise
 M - a scroll of enchant weapon
 Q - a scroll of acquirement {unknown}
Potions
 a - 4 potions of lignification
 e - 2 potions of magic {unknown}
 f - 4 potions of attraction {unknown}
 k - 3 potions of enlightenment {unknown}
 m - 4 potions of brilliance {unknown}
 o - 6 potions of heal wounds {unknown}
 s - 2 potions of invisibility {unknown}
 x - 5 potions of curing {unknown}
 A - 2 potions of might {unknown}
 E - a potion of degeneration {unknown}
 G - 2 potions of resistance {unknown}
 P - 4 potions of haste {unknown}
Miscellaneous
 F - a phantom mirror


   Skills:
 + Level 10.2 Fighting
 - Level 2.0 Dodging
 + Level 13.1 Unarmed Combat
 - Level 5.0 Hexes
 - Level 5.0 Earth Magic
 - Level 13.5 Invocations
 + Level 13.0 Shapeshifting


You had 9 spell levels left.
You knew the following spells:

 Your Spells              Type           Power      Damage    Failure   Level
a - Leda's Liquefaction   Hex/Erth       12%        N/A       7%          4

Your spell library contained the following spells:

 Spells                   Type           Power      Damage    Failure   Level
 Ensorcelled Hibernation  Hex/Ice        24%        N/A       3%          2
 Shock                    Conj/Air       0%         1d3       6%          1
 Portal Projectile        Hex/Tloc       24%        N/A       6%          3
 Sublimation of Blood     Necr           0%         N/A       9%          2
 Wereblood                Tmut           0%         N/A       9%          2
 Call Canine Familiar     Summ           0%         N/A       16%         3
 Swiftness                Air            0%         N/A       16%         3
 Anguish                  Hex/Necr       6%         N/A       19%         4
 Petrify                  Tmut/Erth      12%        N/A       19%         4
 Airstrike                Air            0%         2d(0-16)  45%         4
 Irradiate                Conj/Tmut      0%         3d11      80%         5
 Summon Hydra             Summ           0%         N/A       100%        7


Dungeon Overview and Level Annotations

Branches:
Dungeon (10/15)            Temple (1/1) D:4            Lair (5/5) D:10
 Shoals (0/4) Lair:2       Spider (0/4) Lair:2        Slime (0/5) Lair:4
    Orc (0/2) D:10         Bailey (visited)

Altars:
Ashenzari
Cheibriados
Dithmenos
Elyvilon
Fedhas
Gozag
Hepliaklqana
Kikubaaqudgha
Makhleb
Nemelex Xobeh
Okawaru
Qazlal
Ru
Sif Muna
Trog
Uskayaw
Vehumet
Wu Jian
Xom
Yredelemnul
Zin
The Shining One
Jiyva

Annotations:
D:9 3 runed translucent doors, kae's ghost, novice DrSh
Lair:2 1 runed translucent door, DrLatency's ghost, journeyman DgEn


Innate Abilities, Weirdness & Mutations

You are an enormous anaconda.
You have a powerful constriction melee attack.
Your maximum health is increased.
Your armour is entirely melded.
You are incapable of wielding weapons or throwing items.
You cannot wear most types of armour.
You are amphibious.
You can wear up to eight rings at the same time.
((Your skin changes colour to match your surroundings (Stealth+).))
((Your rubbery body absorbs attacks. (AC +1, EV +1)))
((You are camouflaged when in or above water. (Stealth+)))
((You have tentacles for arms and can constrict up to eight enemies at once.))


Message History

As you read the scroll labelled JETWACEKHI, it crumbles to dust.
It is a scroll of enchant weapon.
You aren't carrying any weapons that can be enchanted.
The raiju misses you. The black bear barely misses you.
The black bear claws you but does no damage. x2
As you read the scroll labelled YLOL QIXEOBA, it crumbles to dust.
You feel strangely unstable.
It was a scroll of teleportation.
t - a scroll of teleportation;
P - 4 silvery potions The raiju bursts into living lightning!
The living lightning hits you but does no damage.
The raiju blinks!
The black bear barely misses you. The black bear claws you.
The black bear claws you but does no damage.
You hear an angry growl.
You take 3 damage, and have 38/118 hp.
You hit the raiju. You grab the raiju.
The raiju is lightly wounded.
You constrict the raiju. The raiju bites you!
* * * LOW HITPOINT WARNING * * *
The raiju shocks you!
* * * LOW HITPOINT WARNING * * *
The black bear closely misses you. The black bear completely misses you.
The black bear claws you but does no damage.
You take 16 damage, and have 22/118 hp.
You completely miss the raiju.
The raiju is lightly wounded.
You constrict the raiju. You lash the raiju!
The raiju is moderately wounded.
You constrict the raiju! The raiju bites you.
* * * LOW HITPOINT WARNING * * *
The raiju shocks you!
* * * LOW HITPOINT WARNING * * *
The black bear closely misses you. x2; The black bear barely misses you.
You take 9 damage, and have 13/118 hp.
You lash the raiju!
The raiju is almost dead.
You constrict the raiju, but do no damage.
The raiju bursts into living lightning!
The living lightning hits you!
You die...

...## ... ...# ...h
#..# ##...
#######..###.(.##
####.#...#..†.#....##
###...#..†.....#.......
#............#.#.hh.##
P#..†..#.#.#.##h#hh.$#
..#...##########S#
...#### ### ...##
P..P## .P..P###
......P## ........###
.#.....##.##
#........#.##


You could see a polar bear, a raiju and 3 black bears.

Vanquished Creatures
  Rupert (Lair:3)
  6 hydras
  2 ogre magi (D:10)
  A boulder beetle (Lair:3)
  2 two-headed ogres
  10 death yaks
  A cyclops (D:7)
  4 black mambas
  23 elephants
  A merfolk siren (Lair:2)
  2 torpor snails
  A gargoyle (D:10)
  Psyche (D:9)
  2 freezing wraiths (D:10)
  A kobold demonologist (D:10)
  8 cane toads
  2 rime drakes
  An efreet (D:10)
  8 komodo dragons
  A yaktaur (D:10)
  4 trolls
  3 polar bears
  16 blink frogs
  4 dream sheep (Lair:2)
  A vampire (D:7)
  43 yaks
  Eustachio (D:6)
  3 wraiths
  5 wyverns
  5 basilisks
  3 steam dragons
  2 vampire mosquitoes (D:10)
  A warg (Lair:5)
  2 hell hounds (Lair:5)
  14 water moccasins
  An acid dragon (D:10)
  5 orc warriors
  2 sky beasts (D:7)
  2 ice beasts
  6 black bears
  16 wolves
  An ogre (D:10)
  6 centaurs
  4 phantoms
  16 kobold brigands
  3 bullfrogs
  5 gnoll sergeants (D:10)
  7 scorpions
  12 wights
  6 killer bees
  4 howler monkeys
  4 jellies
  8 orc priests
  7 hounds
  3 gnoll boudas
  A sleepcap (D:6)
  Jessica (D:3)
  10 orc wizards
  7 hell rats (Lair:1)
  19 gnolls
  5 adders
  5 worms
  3 dart slugs
  39 orcs
  7 bats
  6 endoplasms
  3 giant cockroaches
  13 goblins
  6 hobgoblins
  2 jackals (D:1)
  6 quokkas
  11 ball pythons
  2 frilled lizards
  26 kobolds
  3 rats
478 creatures vanquished.

Notes
Turn   | Place    | Note
-------+----------+-------------------------------------------
     0 | D:1      | Dirtsage the Octopode Shapeshifter began the quest for the
                  | Orb.
     0 | D:1      | Reached XP level 1. HP: 13/13 MP: 1/1
    55 | D:1      | Reached XP level 2. HP: 18/18 MP: 2/2
   251 | D:1      | Reached XP level 3. HP: 23/23 MP: 3/3
   805 | D:2      | Reached XP level 4. HP: 24/28 MP: 4/4
  1083 | D:2      | Found a faded altar of an unknown god.
  1695 | D:3      | Noticed Jessica
  1704 | D:3      | Killed Jessica
  1705 | D:3      | Reached XP level 5. HP: 31/33 MP: 5/5
  2040 | D:3      | Reached skill level 5 in Shapeshifting
  2061 | D:3      | Reached XP level 6. HP: 12/38 MP: 6/6
  3078 | D:4      | Found a staircase to the Ecumenical Temple.
  3263 | Temple   | Entered the Ecumenical Temple
  3295 | Temple   | Became a worshipper of the Shining One
  3482 | D:4      | Reached XP level 7. HP: 45/45 MP: 7/7
  3637 | D:4      | Reached skill level 5 in Unarmed Combat
  3864 | D:5      | Entered Level 5 of the Dungeon
  4181 | D:5      | Reached XP level 8. HP: 48/52 MP: 8/8
  4477 | D:5      | Noticed a wyvern
  4483 | D:5      | Killed a wyvern
  4976 | D:6      | Found a bloodstained altar of Trog.
  5032 | D:6      | Noticed Eustachio
  5040 | D:6      | Killed Eustachio
  5041 | D:6      | Reached skill level 5 in Fighting
  5041 | D:6      | Reached XP level 9. HP: 51/61 MP: 9/9
  5410 | D:7      | Noticed a cyclops
  5439 | D:7      | Killed a cyclops
  5555 | D:7      | Found a flagged portal.
  5579 | Bailey   | Entered a bailey
  5614 | Bailey   | Reached * piety under the Shining One
  5814 | Bailey   | Found a burning altar of Makhleb.
  5847 | Bailey   | Identified the +8 glaive "Vyudoykkekk" {flame, Dex+4}
  6182 | D:7      | Reached XP level 10. HP: 64/69 MP: 10/10
  6618 | D:7      | Found a white marble altar of Elyvilon.
  7152 | D:7      | Learned a level 4 spell: Leda's Liquefaction
  7265 | D:7      | Reached skill level 1 in Hexes
  7265 | D:7      | Reached skill level 1 in Earth Magic
  7320 | D:7      | Identified the +9 double sword "Hushapp" {venom, rElec}
  7342 | D:7      | Reached ** piety under the Shining One
  8434 | D:9      | Noticed a two-headed ogre
  8438 | D:9      | Killed a two-headed ogre
  8439 | D:9      | Reached XP level 11. HP: 56/77 MP: 11/11
  8581 | D:9      | Reached skill level 10 in Shapeshifting
  8625 | D:9      | Noticed Psyche
  8635 | D:9      | Killed Psyche
  8770 | D:9      | Noticed kae's ghost (novice DrSh)
  8771 | D:9      | Reached *** piety under the Shining One
  8779 | D:9      | Found a runed translucent gate.
  8780 | D:9      | Found a runed translucent gate.
  8780 | D:9      | Found a runed translucent gate.
  9273 | D:9      | a spriggan changed into a salamander
  9273 | D:9      | Noticed a salamander (shapeshifter)
  9309 | D:10     | Entered Level 10 of the Dungeon
  9311 | D:10     | Noticed a two-headed ogre
  9359 | D:10     | Found a staircase to the Lair.
  9375 | D:10     | Reached skill level 1 in Invocations
  9560 | D:10     | Killed a two-headed ogre
  9609 | D:10     | Noticed an ogre mage
  9611 | D:10     | Noticed an ogre mage
  9613 | D:10     | Paralysed by an ogre mage for 3 turns
  9627 | D:10     | Killed an ogre mage
  9628 | D:10     | Reached skill level 10 in Unarmed Combat
  9632 | D:10     | Killed an ogre mage
  9886 | D:10     | Reached XP level 12. HP: 53/85 MP: 15/15
 10042 | D:10     | Reached **** piety under the Shining One
 10045 | D:10     | Reached skill level 5 in Earth Magic
 10091 | D:10     | Reached skill level 5 in Hexes
 10233 | D:10     | Reached skill level 5 in Invocations
 10702 | D:10     | Found a staircase to the Orcish Mines.
 11152 | Lair:1   | Entered Level 1 of the Lair of Beasts
 12916 | Lair:2   | Reached skill level 10 in Fighting
 13022 | Lair:2   | Found a hole to the Spider Nest.
 13198 | Lair:2   | Found a staircase to the Shoals.
 13214 | Lair:2   | Found a runed translucent door.
 13218 | Lair:2   | Noticed DrLatency's ghost (journeyman DgEn)
 13333 | Lair:2   | Reached XP level 13. HP: 92/92 MP: 19/19
 14262 | Lair:3   | Found an ornate altar of the Wu Jian Council.
 14262 | Lair:3   | Found a hide-covered altar of Uskayaw.
 14475 | Lair:3   | Noticed Rupert
 14489 | Lair:3   | Killed Rupert
 14702 | Lair:3   | Reached skill level 10 in Invocations
 15902 | Lair:4   | Reached ***** piety under the Shining One
 16450 | Lair:4   | You fall into a shaft and drop 1 floor!
 16450 | Lair:5   | Entered Level 5 of the Lair of Beasts
 16474 | Lair:5   | Reached XP level 14. HP: 99/99 MP: 18/22
 16487 | Lair:5   | The Shining One protects you from harm!
 16740 | Lair:5   | Saving game... please wait.
 16740 | Lair:5   | Upgraded the game from 0.31-a0-618-g7ca08c1ff9 to
                  | 0.31-a0-620-gd1cbd99268
 17099 | Lair:4   | Found a runed translucent door.
 17101 | Lair:4   | Found a viscous altar of Jiyva.
 17102 | Lair:4   | Found a staircase to the Slime Pits.
 17741 | Lair:5   | Killed from afar by a raiju

Illustrated notes

Levels and vault maps discovered:
D:1:      minmay_arrival_jagged, layout_rooms, minmay_crystal_room
D:2:      layout_basic, hellmonk_ecumenical_altar_defaced_shrine,
          minmay_pentomino_r4
D:3:      layout_loops_corners, dreamdust_mushroom_princess, grunt_ministairs_7,
          nicolae_elevator_lobby_asterisk, uniq_jessica
D:4:      cheibrodos_pilgrimage, layout_cave_pods,
          minmay_temple_entry_butterflies, serial_park, serial_park_paths
          [serial_park_minivault_5x5_8], serial_park_avenue1,
          serial_park_tiny_2, serial_park_square2
D:5:      layout_loops_ring
D:6:      layout_rooms, amcnicky_altar_gilded, uniq_eustachio
D:7:      minmay_clustersquares, layout_gridville, elyvilon_altar_1,
          enter_bailey_5
D:8:      layout_gridville
D:9:      layout_basic, gammafunk_ghost_split, skrybe_limestone_x,
          minmay_fountain_box, uniq_psyche
D:10:     hangedman_cross_cluster, layout_irregular_city,
          kennysheep_orc_monster_closet_entryway, lightli_corner_chamber
Temple:   mainiacjoe_temple_cubbyholes
Lair:1:   layout_cellular_growth
Lair:2:   layout_regular_city, minmay_shoals_entry_lonely_mermaid,
          nicolae_spider_entry_non_spiders, gammafunk_ghost_grave,
          infiniplex_staircase_pool
Lair:3:   layout_hall_layers, nzn_masters_of_martial_movement,
          lemuel_fruit_tree, uniq_rupert
Lair:4:   layout_layer_cave, slime_entry_2
Lair:5:   hangedman_lair_caniforms_friends, layout_misc_corridors

Skill      XL: |  1  2  3  4  5  6  7  8  9 10 11 12 13 14 |
---------------+-------------------------------------------+-----
Shapeshifting  | 4 5 6 8 9 10 11 12 13 | 13.0
Unarmed Combat | 4 5 6 8 9 10 11 12 13 | 13.1
Fighting       | 2 3 5 6 8 9 10 | 10.2
Hexes          | 3 4 5 |  5.0
Earth Magic    | 3 4 5 |  5.0
Invocations    | 4 8 11 13 | 13.5
Dodging        | |  2.0

Action                     |  1- 3 |  4- 6 |  7- 9 | 10-12 | 13-15 || total
---------------------------+-------+-------+-------+-------+-------++-------
  Melee: Unarmed           |    55 |   128 |   186 |   454 |   268 ||  1091
         Constrict         |    14 |    31 |    44 |   112 |    56 ||   257
         Tentacles         |    11 |    22 |    57 |    25 |       ||   115
         Punch             |     1 |     7 |       |       |       ||     8
   Cast: Leda's Liquefacti |       |       |       |     2 |     6 ||     8
 Invoke: Divine Shield     |       |       |       |     1 |       ||     1
  Evoke: Wand              |       |       |     4 |     1 |     5 ||    10
         Phantom mirror    |       |       |       |       |     1 ||     1
    Use: Potion            |       |     1 |       |       |       ||     1
         Scroll            |       |       |     3 |     6 |     4 ||    13
   Stab: Sleeping          |    10 |     7 |       |       |       ||    17
 Armour: Skin              |     3 |    11 |    10 |   131 |   115 ||   270
  Dodge: Dodged            |    37 |    59 |   161 |   381 |   204 ||   842
  Block: Buckler           |       |    10 |       |       |       ||    10
         Other             |       |       |       |     8 |       ||     8
   Form: Flux              |       |       |     1 |       |       ||     1
         Anaconda          |       |       |       |     1 |       ||     1

Table legend: (Time is in decaauts)
 A = Elapsed time spent in this place.
 B = Non-inter-level travel time spent in this place.
 C = Inter-level travel time spent in this place.
 D = Time resting spent in this place.
 E = Time spent auto-exploring this place.
 F = Levels seen in this place.
 G = Mean time per level.
                   A        B        C        D        E       F      G
               +--------+--------+--------+--------+--------+-----+--------+
         Total |  17596 |  16961 |    635 |   1369 |  13125 |  17 | 1035.1 |
       Dungeon |  10938 |  10526 |    412 |    820 |   8101 |  10 | 1093.8 |
        Temple |     62 |      2 |     60 |      0 |      0 |   1 |   62.0 |
          Lair |   6205 |   6043 |    162 |    416 |   4875 |   5 | 1241.0 |
        Bailey |    389 |    389 |      0 |    133 |    149 |   1 |  389.0 |
               +--------+--------+--------+--------+--------+-----+--------+

Top non-repeatable levels by time:
    D:10: 2099 daAuts
     D:7: 1591 daAuts
  Lair:4: 1561 daAuts
  Lair:2: 1404 daAuts
  Lair:1: 1363 daAuts
     D:3: 1198 daAuts
  Lair:3: 1130 daAuts
     D:4: 1106 daAuts
     D:8: 1008 daAuts
     D:2: 955 daAuts
     D:5: 937 daAuts
     D:9: 933 daAuts
  Lair:5: 746 daAuts
     D:6: 578 daAuts
     D:1: 529 daAuts
